[ AOE2 MATCH · #482247996 ]
UnrankedBritons vs Hindustanis
[ REPLAY ANALYSIS · EXTRACTED FROM THE RECORDED GAME ]
Feudal
13:46
Castle
25:08
Imperial
37:40
| APM avg | 7.8 |
| APM peak | 33 |
| eAPM avg | 4.9 |
| Villagers / military | 31 / 40 |
Focus
⚔️ 31.6% · 🌾 68.4%
Longbowman ×35 · Monk ×4 · Trade Cart ×4 · Trebuchet (Packed) ×1
Feudal
10:23
Castle
17:32
Imperial
26:26
| APM avg | 20.9 |
| APM peak | 74 |
| eAPM avg | 12.7 |
| Villagers / military | 86 / 188 |
Focus
⚔️ 42.4% · 🌾 57.6%
Mangudai ×124 · Scout Cavalry ×64 · Trade Cart ×25
Feudal
11:26
Castle
17:55
Imperial
28:43
| APM avg | 22.1 |
| APM peak | 88 |
| eAPM avg | 12.3 |
| Villagers / military | 104 / 316 |
Focus
⚔️ 35.5% · 🌾 64.5%
Skirmisher ×113 · Scout Cavalry ×93 · Camel Scout ×62 · Ghulam ×43 · Trade Cart ×8 · Trebuchet (Packed) ×4
Feudal
13:08
Castle
23:33
Imperial
37:52
| APM avg | 11.2 |
| APM peak | 42 |
| eAPM avg | 8.7 |
| Villagers / military | 110 / 84 |
Focus
⚔️ 33.7% · 🌾 66.3%
Scout Cavalry ×67 · Ballista Elephant ×13 · Trade Cart ×10 · Monk ×2 · Knight ×2
Feudal
10:56
Castle
24:59
Imperial
35:16
| APM avg | 11.3 |
| APM peak | 43 |
| eAPM avg | 8.5 |
| Villagers / military | 76 / 223 |
Focus
⚔️ 35.0% · 🌾 65.0%
Karambit Warrior ×199 · Battle Elephant ×13 · Spearman ×6 · Trade Cart ×3 · Knight ×2 · Trebuchet (Packed) ×2
Feudal
9:34
Castle
23:01
Imperial
31:01
| APM avg | 26.5 |
| APM peak | 68 |
| eAPM avg | 15.0 |
| Villagers / military | 99 / 155 |
Focus
⚔️ 33.2% · 🌾 66.8%
Spearman ×155 · Unknown (2579) ×141 · Unknown (2550) ×26 · Trade Cart ×5
Match map
Initial resources + every placement click. Lines = walls · curves = elevation contours. ◆ gold · ⬟ stone · ● berries · ✦ relic · ◌ wall gap
Your base· ✓ Closed at 25:08 · 0t walls · 2 gate(s)
sxmyaiuttj's base· ✓ Closed at 17:32 · 0t walls · 3 gate(s)
Balaam's base· ✓ Closed at 17:55 · 0t walls · 3 gate(s)
cvarascaica's base· ✓ Closed at 23:33 · 17t walls · 2 gate(s)
DingleDwarf69's base· ✓ Closed at 24:59 · 0t walls · 2 gate(s)
WarSong's base· ✓ Closed at 23:01 · 0t walls · 3 gate(s)
Smoothed initial terrain · ◌ = detected wall gap · hover for details
Inputs per minute
— Dude - - sxmyaiuttj
Build order — Dude
First 150 of 161 actions detected
| 0:10 | Build | House |
| 0:13 | Build | House |
| 0:15 | Build | House |
| 0:47 | Create | Villager (Male) |
| 0:48 | Create | Villager (Male) |
| 0:48 | Create | Villager (Male) |
| 0:48 | Create | Villager (Male) |
| 0:48 | Create | Villager (Male) |
| 0:49 | Create | Villager (Male) |
| 1:51 | Create | Villager (Male) |
| 2:37 | Create | Villager (Male) |
| 3:01 | Create | Villager (Male) |
| 3:23 | Build | House |
| 3:24 | Build | House |
| 3:25 | Build | House |
| 4:08 | Create | Villager (Male) |
| 4:08 | Create | Villager (Male) |
| 4:28 | Build | Mining Camp |
| 4:52 | Build | Lumber Camp |
| 5:29 | Create | Villager (Male) |
| 5:30 | Create | Villager (Male) |
| 5:54 | Create | Villager (Male) |
| 6:11 | Build | Mill |
| 7:02 | Build | Farm |
| 7:22 | Build | Farm |
| 7:31 | Create | Villager (Male) |
| 7:31 | Create | Villager (Male) |
| 8:01 | Build | Farm |
| 10:20 | Build | Mining Camp |
| 11:36 | Research | Feudal Age |
| 11:48 | Research | Loom |
| 13:46 | Age | Feudal Age |
| 13:48 | Research | Horse Collar |
| 13:52 | Research | Double-Bit Axe |
| 14:23 | Research | Wheelbarrow |
| 15:00 | Create | Villager (Male) |
| 15:34 | Create | Villager (Male) |
| 15:34 | Create | Villager (Male) |
| 16:01 | Build | Market |
| 16:28 | Build | Farm |
| 16:34 | Build | Farm |
| 16:44 | Research | Town Watch |
| 16:46 | Create | Villager (Male) |
| 17:05 | Build | Farm |
| 17:36 | Build | Blacksmith |
| 17:51 | Research | Gold Mining |
| 17:53 | Research | Stone Mining |
| 18:14 | Build | Mill |
| 18:19 | Create | Villager (Male) |
| 18:20 | Create | Villager (Male) |
| 19:15 | Build | Farm |
| 19:19 | Build | Farm |
| 19:34 | Build | Farm |
| 19:41 | Build | Farm |
| 19:47 | Build | Farm |
| 19:58 | Build | Farm |
| 20:04 | Create | Villager (Male) |
| 20:04 | Create | Villager (Male) |
| 20:41 | Build | House |
| 20:43 | Build | House |
| 20:44 | Build | House |
| 20:46 | Build | House |
| 21:05 | Build | Farm |
| 22:28 | Research | Castle Age |
| 22:39 | Create | Trade Cart |
| 22:40 | Create | Trade Cart |
| 23:17 | Build | Farm |
| 25:08 | Age | Castle Age |
| 25:09 | Create | Villager (Male) |
| 25:10 | Create | Villager (Male) |
| 25:10 | Create | Villager (Male) |
| 25:10 | Create | Villager (Male) |
| 25:25 | Build | Monastery |
| 25:39 | Build | University |
| 25:57 | Build | Castle |
| 26:35 | Create | Monk |
| 26:36 | Create | Monk |
| 27:23 | Research | Fortified Wall (upgrade) |
| 27:25 | Research | Heated Shot |
| 27:47 | Research | Padded Archer Armor |
| 28:01 | Create | Trade Cart |
| 28:03 | Create | Trade Cart |
| 29:41 | Research | Hand Cart |
| 31:20 | Create | Monk |
| 31:21 | Create | Monk |
| 34:30 | Research | Imperial Age |
| 37:29 | Research | Guard Tower (upgrade) |
| 37:30 | Research | Tech 909 |
| 37:33 | Research | Leather Archer Armor |
| 37:33 | Research | Fletching |
| 37:34 | Research | Scale Barding Armor |
| 37:35 | Research | Scale Mail Armor |
| 37:37 | Research | Forging |
| 37:40 | Research | Town Patrol |
| 37:40 | Age | Imperial Age |
| 37:44 | Research | Elite Longbowman (upgrade) |
| 38:16 | Research | Bow Saw |
| 38:38 | Create | Longbowman |
| 38:38 | Create | Longbowman |
| 38:38 | Create | Longbowman |
| 38:38 | Create | Longbowman |
| 38:39 | Create | Longbowman |
| 38:39 | Create | Longbowman |
| 38:39 | Create | Longbowman |
| 38:39 | Create | Longbowman |
| 38:39 | Create | Longbowman |
| 38:40 | Create | Longbowman |
| 38:40 | Create | Longbowman |
| 40:08 | Create | Longbowman |
| 40:08 | Create | Longbowman |
| 40:09 | Create | Longbowman |
| 40:09 | Create | Longbowman |
| 40:09 | Create | Longbowman |
| 40:09 | Create | Longbowman |
| 40:09 | Create | Longbowman |
| 40:10 | Create | Longbowman |
| 40:21 | Research | Ring Archer Armor |
| 40:21 | Research | Bodkin Arrow |
| 40:46 | Create | Villager (Male) |
| 40:47 | Create | Villager (Male) |
| 40:47 | Create | Villager (Male) |
| 41:02 | Create | Trebuchet (Packed) |
| 41:28 | Build | Mill |
| 41:37 | Build | Farm |
| 41:46 | Build | Farm |
| 41:54 | Build | Farm |
| 42:01 | Build | Farm |
| 42:09 | Build | Farm |
| 42:19 | Build | Farm |
| 42:58 | Build | Castle |
| 43:02 | Create | Longbowman |
| 43:02 | Create | Longbowman |
| 43:02 | Create | Longbowman |
| 43:02 | Create | Longbowman |
| 43:03 | Create | Longbowman |
| 43:03 | Create | Longbowman |
| 43:03 | Create | Longbowman |
| 43:23 | Build | Farm |
| 44:00 | Build | Stone Wall |
| 44:13 | Build | Gate |
| 44:24 | Build | Gate |
| 44:33 | Research | Arrowslits |
| 44:35 | Research | Tech 908 |
| 44:36 | Research | Murder Holes |
| 44:37 | Research | Careening |
| 45:23 | Build | Farm |
| 45:36 | Build | Farm |
| 45:59 | Build | Mining Camp |
| 47:40 | Research | Shipwright |
| 47:41 | Research | Ballistics |
Build order — sxmyaiuttj
First 150 of 429 actions detected
| 0:04 | Build | House |
| 0:06 | Create | Villager (Male) |
| 0:06 | Create | Villager (Male) |
| 0:06 | Create | Villager (Male) |
| 0:06 | Create | Villager (Male) |
| 0:39 | Build | House |
| 0:41 | Build | House |
| 1:40 | Create | Villager (Male) |
| 2:14 | Create | Villager (Male) |
| 2:41 | Create | Villager (Male) |
| 3:09 | Create | Villager (Male) |
| 3:28 | Create | Villager (Male) |
| 3:44 | Create | Villager (Male) |
| 4:06 | Create | Villager (Male) |
| 4:25 | Create | Villager (Male) |
| 5:07 | Create | Villager (Male) |
| 5:25 | Build | Lumber Camp |
| 5:28 | Create | Villager (Male) |
| 5:53 | Build | Mill |
| 6:01 | Create | Villager (Male) |
| 6:15 | Create | Villager (Male) |
| 6:21 | Build | House |
| 6:23 | Build | House |
| 6:45 | Create | Villager (Male) |
| 7:22 | Create | Villager (Male) |
| 7:48 | Create | Villager (Male) |
| 8:05 | Research | Feudal Age |
| 8:19 | Build | Mining Camp |
| 9:51 | Create | Villager (Male) |
| 9:52 | Create | Villager (Male) |
| 10:23 | Age | Feudal Age |
| 10:24 | Research | Horse Collar |
| 10:24 | Research | Horse Collar |
| 10:33 | Research | Double-Bit Axe |
| 10:48 | Build | Farm |
| 10:49 | Build | Farm |
| 10:54 | Build | Farm |
| 11:05 | Build | Farm |
| 11:17 | Build | Farm |
| 11:21 | Create | Villager (Male) |
| 11:22 | Create | Villager (Male) |
| 11:42 | Build | Blacksmith |
| 11:52 | Build | Farm |
| 11:53 | Create | Villager (Male) |
| 12:12 | Build | Market |
| 12:16 | Create | Villager (Male) |
| 12:25 | Build | House |
| 12:32 | Build | House |
| 12:34 | Build | House |
| 12:50 | Create | Villager (Male) |
| 12:57 | Build | Farm |
| 13:01 | Build | Farm |
| 13:12 | Build | Farm |
| 13:21 | Create | Villager (Male) |
| 13:38 | Build | Farm |
| 13:48 | Build | Farm |
| 13:54 | Create | Villager (Male) |
| 14:15 | Build | Farm |
| 14:21 | Build | Farm |
| 14:27 | Create | Villager (Male) |
| 14:44 | Research | Castle Age |
| 14:45 | Research | Castle Age |
| 15:03 | Build | Farm |
| 15:09 | Build | Farm |
| 15:14 | Research | Gold Mining |
| 16:43 | Build | Farm |
| 17:32 | Age | Castle Age |
| 17:39 | Build | Town Center |
| 17:42 | Create | Villager (Male) |
| 17:42 | Create | Villager (Male) |
| 18:00 | Build | House |
| 18:01 | Build | House |
| 18:09 | Research | Bow Saw |
| 18:23 | Create | Villager (Male) |
| 18:35 | Create | Villager (Male) |
| 18:36 | Create | Villager (Male) |
| 18:59 | Create | Villager (Male) |
| 19:30 | Build | Farm |
| 19:33 | Create | Villager (Male) |
| 19:55 | Create | Villager (Male) |
| 19:56 | Create | Villager (Male) |
| 20:03 | Build | Farm |
| 20:25 | Create | Villager (Male) |
| 20:26 | Create | Villager (Male) |
| 20:49 | Build | Farm |
| 20:55 | Build | Farm |
| 20:56 | Create | Villager (Male) |
| 20:57 | Create | Villager (Male) |
| 21:11 | Create | Villager (Male) |
| 21:39 | Create | Villager (Male) |
| 21:51 | Create | Villager (Male) |
| 21:53 | Create | Villager (Male) |
| 22:02 | Build | University |
| 22:09 | Build | Monastery |
| 22:12 | Create | Villager (Male) |
| 22:12 | Create | Villager (Male) |
| 22:15 | Create | Villager (Male) |
| 22:15 | Create | Villager (Male) |
| 22:30 | Build | Lumber Camp |
| 22:43 | Research | Gold Shaft Mining |
| 22:46 | Research | Stone Mining |
| 22:51 | Create | Villager (Male) |
| 23:00 | Build | House |
| 23:01 | Build | House |
| 23:02 | Build | House |
| 23:03 | Build | House |
| 23:06 | Create | Villager (Male) |
| 23:14 | Create | Villager (Male) |
| 23:16 | Research | Imperial Age |
| 23:31 | Build | Farm |
| 23:38 | Research | Fletching |
| 23:49 | Build | Farm |
| 24:00 | Build | Barracks |
| 24:18 | Create | Villager (Male) |
| 24:19 | Create | Villager (Male) |
| 24:19 | Create | Villager (Male) |
| 24:20 | Create | Villager (Male) |
| 24:42 | Research | Stone Shaft Mining |
| 24:50 | Research | Heavy Plow |
| 25:15 | Build | Stable |
| 25:19 | Build | Stable |
| 25:27 | Create | Villager (Male) |
| 25:39 | Research | Ballistics |
| 25:43 | Create | Villager (Male) |
| 26:02 | Create | Trade Cart |
| 26:08 | Create | Villager (Male) |
| 26:19 | Build | Farm |
| 26:26 | Age | Imperial Age |
| 26:41 | Create | Villager (Male) |
| 26:42 | Create | Villager (Male) |
| 26:44 | Create | Villager (Male) |
| 26:45 | Create | Villager (Male) |
| 26:55 | Build | Castle |
| 27:01 | Build | House |
| 27:02 | Build | House |
| 27:03 | Build | House |
| 27:04 | Build | House |
| 27:08 | Research | Chemistry |
| 27:11 | Research | Bodkin Arrow |
| 27:22 | Create | Villager (Male) |
| 27:23 | Create | Villager (Male) |
| 27:27 | Research | Wheelbarrow |
| 27:46 | Create | Villager (Male) |
| 27:55 | Create | Villager (Male) |
| 27:55 | Create | Villager (Male) |
| 28:01 | Research | Caravan |
| 28:02 | Create | Trade Cart |
| 28:34 | Create | Villager (Male) |
| 28:36 | Create | Trade Cart |
| 28:38 | Create | Trade Cart |
Build order — Balaam
First 150 of 340 actions detected
| 0:09 | Build | House |
| 0:17 | Build | House |
| 0:17 | Build | House |
| 0:21 | Create | Villager (Male) |
| 0:21 | Create | Villager (Male) |
| 0:21 | Create | Villager (Male) |
| 1:16 | Create | Villager (Male) |
| 1:46 | Create | Villager (Male) |
| 1:46 | Create | Villager (Male) |
| 2:07 | Build | Lumber Camp |
| 2:10 | Create | Villager (Male) |
| 2:13 | Create | Villager (Male) |
| 2:14 | Create | Villager (Male) |
| 2:37 | Create | Villager (Male) |
| 3:20 | Create | Villager (Male) |
| 3:20 | Create | Villager (Male) |
| 3:25 | Create | Villager (Male) |
| 3:25 | Create | Villager (Male) |
| 4:11 | Build | Mill |
| 4:23 | Create | Villager (Male) |
| 4:26 | Create | Villager (Male) |
| 4:27 | Create | Villager (Male) |
| 4:51 | Create | Villager (Male) |
| 4:51 | Create | Villager (Male) |
| 4:55 | Research | Loom |
| 5:00 | Create | Villager (Male) |
| 5:23 | Research | Loom |
| 5:35 | Build | House |
| 5:36 | Build | House |
| 6:21 | Create | Villager (Male) |
| 6:22 | Create | Villager (Male) |
| 6:36 | Create | Villager (Male) |
| 6:44 | Create | Villager (Male) |
| 6:53 | Create | Villager (Male) |
| 7:09 | Create | Villager (Male) |
| 7:18 | Build | Mining Camp |
| 7:32 | Create | Villager (Male) |
| 8:35 | Research | Feudal Age |
| 9:12 | Build | Farm |
| 9:32 | Build | Farm |
| 9:37 | Build | Farm |
| 9:46 | Build | Farm |
| 9:53 | Create | Villager (Male) |
| 9:53 | Create | Villager (Male) |
| 9:53 | Create | Villager (Male) |
| 9:54 | Create | Villager (Male) |
| 10:45 | Build | Farm |
| 11:26 | Age | Feudal Age |
| 11:27 | Research | Double-Bit Axe |
| 11:30 | Research | Horse Collar |
| 11:44 | Build | Market |
| 12:03 | Build | Blacksmith |
| 12:14 | Build | House |
| 12:15 | Build | House |
| 12:29 | Build | Farm |
| 12:48 | Build | Farm |
| 13:10 | Create | Villager (Male) |
| 13:10 | Create | Villager (Male) |
| 13:11 | Create | Villager (Male) |
| 13:14 | Create | Villager (Male) |
| 13:14 | Create | Villager (Male) |
| 13:22 | Build | Farm |
| 13:22 | Build | Farm |
| 13:42 | Build | Farm |
| 14:00 | Build | Farm |
| 14:12 | Create | Villager (Male) |
| 14:13 | Create | Villager (Male) |
| 14:38 | Build | Lumber Camp |
| 15:15 | Research | Castle Age |
| 15:43 | Build | Farm |
| 16:29 | Create | Villager (Male) |
| 16:29 | Create | Villager (Male) |
| 16:31 | Create | Villager (Male) |
| 16:32 | Create | Villager (Male) |
| 16:43 | Research | Wheelbarrow |
| 17:55 | Age | Castle Age |
| 18:00 | Build | Town Center |
| 18:10 | Build | Town Center |
| 18:28 | Build | University |
| 18:50 | Build | Monastery |
| 19:11 | Create | Villager (Male) |
| 19:11 | Create | Villager (Male) |
| 19:18 | Create | Villager (Male) |
| 19:22 | Create | Villager (Male) |
| 19:27 | Create | Villager (Male) |
| 19:27 | Create | Villager (Male) |
| 19:28 | Create | Villager (Male) |
| 19:32 | Create | Villager (Male) |
| 19:32 | Create | Villager (Male) |
| 19:39 | Build | House |
| 19:40 | Build | House |
| 19:41 | Build | House |
| 19:53 | Research | Bow Saw |
| 20:03 | Research | Heavy Plow |
| 20:03 | Research | Heavy Plow |
| 20:07 | Create | Villager (Male) |
| 20:09 | Create | Villager (Male) |
| 20:20 | Create | Villager (Male) |
| 20:44 | Build | Farm |
| 20:48 | Build | Farm |
| 20:56 | Create | Villager (Male) |
| 20:56 | Create | Villager (Male) |
| 20:57 | Create | Villager (Male) |
| 21:00 | Create | Villager (Male) |
| 21:00 | Create | Villager (Male) |
| 21:16 | Build | Farm |
| 21:18 | Create | Villager (Male) |
| 21:22 | Create | Villager (Male) |
| 21:26 | Build | Farm |
| 21:28 | Create | Villager (Male) |
| 21:46 | Build | Farm |
| 21:52 | Build | Farm |
| 21:55 | Create | Villager (Male) |
| 22:00 | Build | Farm |
| 22:01 | Create | Villager (Male) |
| 22:03 | Create | Villager (Male) |
| 22:08 | Build | Farm |
| 22:48 | Research | Hand Cart |
| 22:52 | Build | Farm |
| 22:58 | Build | Farm |
| 23:09 | Create | Villager (Male) |
| 23:10 | Create | Villager (Male) |
| 23:10 | Create | Villager (Male) |
| 23:15 | Build | Farm |
| 23:15 | Build | Farm |
| 23:30 | Build | Barracks |
| 23:45 | Create | Villager (Male) |
| 23:46 | Create | Villager (Male) |
| 23:52 | Build | Farm |
| 23:54 | Create | Villager (Male) |
| 23:56 | Create | Villager (Male) |
| 23:57 | Create | Villager (Male) |
| 23:57 | Create | Villager (Male) |
| 24:09 | Build | Farm |
| 24:12 | Create | Villager (Male) |
| 24:14 | Create | Villager (Male) |
| 24:14 | Create | Villager (Male) |
| 24:21 | Build | Farm |
| 24:28 | Build | Farm |
| 24:37 | Build | Archery Range |
| 24:40 | Research | Squires |
| 24:46 | Build | Farm |
| 24:57 | Build | House |
| 24:58 | Build | House |
| 24:58 | Build | House |
| 24:59 | Build | House |
| 25:00 | Build | House |
| 25:04 | Build | House |
| 25:04 | Build | House |
| 25:11 | Build | Farm |
Build order — cvarascaica
First 150 of 356 actions detected
| 0:02 | Research | Loom |
| 0:03 | Create | Villager (Male) |
| 0:03 | Create | Villager (Male) |
| 0:03 | Create | Villager (Male) |
| 0:04 | Create | Villager (Male) |
| 0:04 | Create | Villager (Male) |
| 0:11 | Build | House |
| 1:17 | Build | House |
| 1:19 | Build | House |
| 1:20 | Build | House |
| 1:21 | Build | House |
| 1:21 | Build | House |
| 2:20 | Create | Villager (Male) |
| 2:20 | Create | Villager (Male) |
| 2:20 | Create | Villager (Male) |
| 3:23 | Create | Villager (Male) |
| 3:23 | Create | Villager (Male) |
| 3:24 | Create | Villager (Male) |
| 4:48 | Create | Villager (Male) |
| 4:48 | Create | Villager (Male) |
| 4:49 | Create | Villager (Male) |
| 4:49 | Create | Villager (Male) |
| 4:49 | Create | Villager (Male) |
| 4:49 | Create | Villager (Male) |
| 5:24 | Create | Villager (Male) |
| 5:25 | Create | Villager (Male) |
| 5:25 | Create | Villager (Male) |
| 7:28 | Create | Villager (Male) |
| 7:28 | Create | Villager (Male) |
| 7:28 | Create | Villager (Male) |
| 8:08 | Create | Villager (Male) |
| 8:08 | Create | Villager (Male) |
| 8:08 | Create | Villager (Male) |
| 8:59 | Build | Mill |
| 9:18 | Create | Villager (Male) |
| 9:19 | Create | Villager (Male) |
| 9:50 | Create | Villager (Male) |
| 9:51 | Create | Villager (Male) |
| 10:51 | Build | Lumber Camp |
| 10:56 | Research | Feudal Age |
| 11:08 | Build | House |
| 11:09 | Build | House |
| 11:10 | Build | House |
| 11:12 | Build | House |
| 11:13 | Build | House |
| 11:16 | Build | House |
| 11:17 | Build | House |
| 11:18 | Build | House |
| 13:08 | Age | Feudal Age |
| 13:10 | Build | Mill |
| 13:15 | Research | Wheelbarrow |
| 13:18 | Research | Double-Bit Axe |
| 13:22 | Research | Horse Collar |
| 13:26 | Create | Villager (Male) |
| 13:26 | Create | Villager (Male) |
| 13:27 | Create | Villager (Male) |
| 13:27 | Create | Villager (Male) |
| 13:27 | Create | Villager (Male) |
| 15:08 | Build | Farm |
| 15:09 | Build | Farm |
| 15:11 | Build | Farm |
| 15:13 | Build | Farm |
| 15:14 | Build | Farm |
| 15:15 | Build | Farm |
| 15:18 | Build | Farm |
| 15:19 | Build | Farm |
| 15:21 | Build | Farm |
| 15:52 | Build | Mining Camp |
| 16:00 | Create | Villager (Male) |
| 16:00 | Create | Villager (Male) |
| 16:54 | Research | Town Watch |
| 17:04 | Create | Villager (Male) |
| 17:42 | Research | Gold Mining |
| 18:08 | Create | Villager (Male) |
| 18:10 | Create | Villager (Male) |
| 19:25 | Build | Mining Camp |
| 19:48 | Build | Stone Wall |
| 19:52 | Research | Stone Mining |
| 19:59 | Create | Villager (Male) |
| 20:40 | Build | Stable |
| 20:53 | Research | Castle Age |
| 21:28 | Build | Market |
| 21:42 | Build | Farm |
| 21:43 | Build | Farm |
| 21:44 | Build | Farm |
| 21:47 | Build | Farm |
| 21:48 | Build | Farm |
| 21:53 | Build | Farm |
| 22:06 | Build | Watch Tower |
| 22:11 | Research | Bloodlines |
| 23:00 | Create | Trade Cart |
| 23:31 | Create | Scout Cavalry |
| 23:31 | Create | Scout Cavalry |
| 23:31 | Create | Scout Cavalry |
| 23:32 | Create | Scout Cavalry |
| 23:32 | Create | Scout Cavalry |
| 23:32 | Create | Scout Cavalry |
| 23:33 | Create | Scout Cavalry |
| 23:33 | Create | Scout Cavalry |
| 23:33 | Age | Castle Age |
| 23:46 | Research | Hand Cart |
| 23:47 | Research | Town Patrol |
| 23:53 | Research | Heavy Plow |
| 24:33 | Research | Bow Saw |
| 24:51 | Research | Stone Shaft Mining |
| 25:16 | Research | Gold Shaft Mining |
| 26:19 | Research | Light Cavalry (upgrade) |
| 26:20 | Research | Husbandry |
| 26:53 | Build | Blacksmith |
| 27:03 | Build | Town Center |
| 27:15 | Build | University |
| 27:17 | Research | Scale Barding Armor |
| 27:18 | Research | Forging |
| 27:48 | Create | Villager (Male) |
| 27:49 | Create | Villager (Male) |
| 27:49 | Create | Villager (Male) |
| 28:03 | Create | Villager (Male) |
| 28:03 | Create | Villager (Male) |
| 28:04 | Create | Villager (Male) |
| 28:21 | Build | Monastery |
| 28:27 | Research | Ballistics |
| 28:28 | Research | Fortified Wall (upgrade) |
| 28:37 | Build | Farm |
| 28:39 | Create | Villager (Male) |
| 28:39 | Create | Villager (Male) |
| 28:40 | Create | Villager (Male) |
| 28:45 | Build | Farm |
| 29:08 | Create | Monk |
| 30:32 | Build | Town Center |
| 30:36 | Create | Villager (Male) |
| 30:36 | Create | Villager (Male) |
| 30:36 | Create | Villager (Male) |
| 30:36 | Create | Villager (Male) |
| 30:37 | Create | Villager (Male) |
| 30:37 | Create | Villager (Male) |
| 30:37 | Create | Villager (Male) |
| 30:37 | Create | Villager (Male) |
| 30:38 | Create | Villager (Male) |
| 30:38 | Create | Villager (Male) |
| 30:38 | Create | Villager (Male) |
| 30:38 | Create | Villager (Male) |
| 30:39 | Create | Villager (Male) |
| 30:39 | Create | Villager (Male) |
| 30:39 | Create | Villager (Male) |
| 30:39 | Create | Villager (Male) |
| 30:48 | Create | Villager (Male) |
| 30:48 | Create | Villager (Male) |
| 30:49 | Create | Villager (Male) |
| 31:07 | Create | Monk |
| 31:09 | Research | Fervor |
Build order — DingleDwarf69
First 150 of 286 actions detected
| 0:10 | Build | House |
| 0:13 | Build | House |
| 0:22 | Create | Villager (Male) |
| 0:22 | Create | Villager (Male) |
| 0:22 | Create | Villager (Male) |
| 0:55 | Create | Villager (Male) |
| 1:56 | Create | Villager (Male) |
| 2:35 | Create | Villager (Male) |
| 2:35 | Create | Villager (Male) |
| 3:15 | Create | Villager (Male) |
| 3:15 | Create | Villager (Male) |
| 3:44 | Create | Villager (Male) |
| 4:03 | Create | Villager (Male) |
| 4:29 | Build | House |
| 4:32 | Build | House |
| 4:33 | Build | House |
| 4:41 | Create | Villager (Male) |
| 4:41 | Create | Villager (Male) |
| 4:46 | Research | Loom |
| 4:47 | Create | Villager (Male) |
| 4:48 | Create | Villager (Male) |
| 5:54 | Build | Mill |
| 6:21 | Create | Villager (Male) |
| 6:21 | Create | Villager (Male) |
| 7:23 | Create | Villager (Male) |
| 7:23 | Create | Villager (Male) |
| 7:38 | Build | Lumber Camp |
| 8:34 | Create | Villager (Male) |
| 9:38 | Research | Feudal Age |
| 10:26 | Create | Villager (Male) |
| 10:26 | Create | Villager (Male) |
| 10:26 | Create | Villager (Male) |
| 10:56 | Age | Feudal Age |
| 11:04 | Research | Horse Collar |
| 11:09 | Research | Double-Bit Axe |
| 11:56 | Create | Villager (Male) |
| 11:57 | Create | Villager (Male) |
| 12:36 | Build | Farm |
| 12:37 | Build | Farm |
| 12:41 | Build | Farm |
| 12:42 | Build | Farm |
| 13:29 | Create | Villager (Male) |
| 13:29 | Create | Villager (Male) |
| 13:29 | Create | Villager (Male) |
| 13:30 | Create | Villager (Male) |
| 14:03 | Build | Farm |
| 14:04 | Build | Farm |
| 14:07 | Build | Farm |
| 14:08 | Build | Farm |
| 14:12 | Build | Farm |
| 14:18 | Build | Farm |
| 14:20 | Build | Farm |
| 14:22 | Build | Farm |
| 14:24 | Build | Farm |
| 14:29 | Build | Farm |
| 14:39 | Build | Farm |
| 15:13 | Build | House |
| 15:17 | Build | House |
| 15:19 | Build | House |
| 15:21 | Build | House |
| 15:26 | Build | House |
| 15:36 | Research | Wheelbarrow |
| 15:38 | Create | Villager (Male) |
| 15:38 | Create | Villager (Male) |
| 15:39 | Create | Villager (Male) |
| 16:38 | Create | Villager (Male) |
| 16:39 | Create | Villager (Male) |
| 16:39 | Create | Villager (Male) |
| 16:39 | Create | Villager (Male) |
| 17:49 | Build | Mining Camp |
| 18:25 | Build | Barracks |
| 18:33 | Build | Blacksmith |
| 19:13 | Build | Mining Camp |
| 19:30 | Create | Villager (Male) |
| 20:19 | Build | Mill |
| 20:24 | Build | Farm |
| 20:26 | Build | Farm |
| 20:29 | Build | Farm |
| 20:31 | Build | Farm |
| 21:05 | Create | Villager (Male) |
| 21:06 | Create | Villager (Male) |
| 21:19 | Research | Gold Mining |
| 21:38 | Build | Farm |
| 22:03 | Build | Farm |
| 22:16 | Create | Villager (Male) |
| 22:17 | Create | Villager (Male) |
| 22:31 | Build | Stable |
| 22:55 | Build | Mining Camp |
| 23:01 | Create | Spearman |
| 23:01 | Create | Spearman |
| 23:23 | Research | Castle Age |
| 23:50 | Create | Scout Cavalry |
| 23:55 | Research | Forging |
| 24:10 | Build | Farm |
| 24:12 | Build | Farm |
| 24:14 | Build | Farm |
| 24:15 | Build | Farm |
| 24:26 | Build | Farm |
| 24:41 | Research | Stone Mining |
| 24:59 | Age | Castle Age |
| 25:37 | Create | Villager (Male) |
| 25:38 | Create | Villager (Male) |
| 25:47 | Create | Villager (Male) |
| 26:08 | Research | Bow Saw |
| 26:14 | Research | Heavy Plow |
| 26:22 | Build | Town Center |
| 26:33 | Research | Stone Shaft Mining |
| 26:38 | Research | Gold Shaft Mining |
| 26:46 | Create | Villager (Male) |
| 27:08 | Create | Battle Elephant |
| 27:08 | Create | Battle Elephant |
| 27:12 | Create | Knight |
| 27:13 | Create | Knight |
| 27:14 | Research | Husbandry |
| 27:20 | Research | Iron Casting |
| 27:27 | Research | Squires |
| 27:28 | Research | Arson |
| 27:35 | Research | Scale Barding Armor |
| 28:00 | Create | Villager (Male) |
| 28:00 | Create | Villager (Male) |
| 28:00 | Create | Villager (Male) |
| 28:05 | Research | Hand Cart |
| 28:26 | Create | Villager (Male) |
| 28:26 | Create | Villager (Male) |
| 28:57 | Build | Farm |
| 28:59 | Build | Farm |
| 30:01 | Create | Spearman |
| 30:01 | Create | Spearman |
| 30:01 | Create | Spearman |
| 30:01 | Create | Spearman |
| 30:30 | Create | Villager (Male) |
| 30:30 | Create | Villager (Male) |
| 30:30 | Create | Villager (Male) |
| 31:03 | Build | Castle |
| 31:25 | Create | Villager (Male) |
| 31:25 | Create | Villager (Male) |
| 31:28 | Research | Town Watch |
| 31:38 | Create | Villager (Male) |
| 31:38 | Create | Villager (Male) |
| 31:38 | Create | Villager (Male) |
| 32:57 | Build | Market |
| 33:22 | Research | Imperial Age |
| 33:28 | Create | Karambit Warrior |
| 33:29 | Create | Karambit Warrior |
| 33:29 | Create | Karambit Warrior |
| 33:29 | Create | Karambit Warrior |
| 33:29 | Create | Karambit Warrior |
| 33:45 | Build | Mining Camp |
| 33:51 | Create | Villager (Male) |
| 33:51 | Create | Villager (Male) |
Build order — WarSong
First 150 of 308 actions detected
| 0:01 | Create | Villager (Male) |
| 0:05 | Build | House |
| 0:06 | Build | House |
| 0:35 | Create | Villager (Male) |
| 0:39 | Create | Villager (Male) |
| 0:39 | Create | Villager (Male) |
| 1:55 | Create | Villager (Male) |
| 2:13 | Create | Villager (Male) |
| 2:36 | Create | Villager (Male) |
| 2:55 | Create | Villager (Male) |
| 3:26 | Create | Villager (Male) |
| 3:46 | Build | House |
| 3:59 | Build | Settlement |
| 4:09 | Create | Villager (Male) |
| 4:10 | Create | Villager (Male) |
| 4:10 | Create | Villager (Male) |
| 4:59 | Create | Villager (Male) |
| 5:38 | Create | Villager (Male) |
| 6:39 | Create | Villager (Male) |
| 6:51 | Create | Villager (Male) |
| 7:22 | Research | Loom |
| 7:22 | Research | Feudal Age |
| 7:35 | Build | Settlement |
| 8:55 | Build | Settlement |
| 9:29 | Create | Villager (Male) |
| 9:30 | Create | Villager (Male) |
| 9:34 | Age | Feudal Age |
| 9:36 | Create | Villager (Male) |
| 9:36 | Create | Villager (Male) |
| 9:46 | Build | Farm |
| 9:46 | Build | Farm |
| 9:46 | Build | Farm |
| 9:47 | Build | Farm |
| 9:47 | Build | Farm |
| 9:47 | Build | Farm |
| 9:50 | Create | Villager (Male) |
| 10:48 | Create | Villager (Male) |
| 10:57 | Research | Horse Collar |
| 11:00 | Research | Double-Bit Axe |
| 11:28 | Create | Villager (Male) |
| 11:36 | Research | Gold Mining |
| 12:13 | Build | Settlement |
| 12:21 | Create | Villager (Male) |
| 12:22 | Create | Villager (Male) |
| 12:22 | Create | Villager (Male) |
| 12:40 | Research | Stone Mining |
| 13:27 | Build | Blacksmith |
| 13:41 | Create | Villager (Male) |
| 13:42 | Create | Villager (Male) |
| 14:08 | Build | Market |
| 14:30 | Build | Farm |
| 14:30 | Build | Farm |
| 14:56 | Build | Farm |
| 15:15 | Build | Farm |
| 15:24 | Build | Farm |
| 15:33 | Build | Farm |
| 15:49 | Build | Farm |
| 15:49 | Build | Farm |
| 15:59 | Build | Farm |
| 16:11 | Create | Villager (Male) |
| 16:15 | Research | Wheelbarrow |
| 16:15 | Create | Villager (Male) |
| 16:16 | Create | Villager (Male) |
| 16:48 | Build | Farm |
| 16:48 | Build | Farm |
| 16:51 | Build | Farm |
| 16:52 | Build | Farm |
| 17:05 | Create | Villager (Male) |
| 17:05 | Create | Villager (Male) |
| 17:12 | Create | Villager (Male) |
| 17:33 | Research | Fletching |
| 17:35 | Research | Scale Mail Armor |
| 17:41 | Build | Farm |
| 17:43 | Build | Farm |
| 17:52 | Build | Farm |
| 18:06 | Build | Farm |
| 18:20 | Create | Villager (Male) |
| 18:21 | Create | Villager (Male) |
| 18:25 | Build | Farm |
| 18:35 | Create | Villager (Male) |
| 18:45 | Build | Farm |
| 18:53 | Build | Farm |
| 19:28 | Build | Farm |
| 19:28 | Build | Farm |
| 19:37 | Create | Villager (Male) |
| 19:40 | Create | Villager (Male) |
| 20:03 | Research | Castle Age |
| 20:56 | Build | Settlement |
| 23:01 | Age | Castle Age |
| 23:12 | Build | Town Center |
| 24:01 | Create | Villager (Male) |
| 24:01 | Create | Villager (Male) |
| 24:01 | Create | Villager (Male) |
| 24:02 | Create | Villager (Male) |
| 24:02 | Create | Villager (Male) |
| 24:02 | Create | Villager (Male) |
| 24:18 | Research | Gold Shaft Mining |
| 24:21 | Research | Bow Saw |
| 24:23 | Research | Heavy Plow |
| 25:45 | Build | Castle |
| 26:00 | Create | Villager (Male) |
| 26:01 | Create | Villager (Male) |
| 26:04 | Create | Villager (Male) |
| 26:04 | Create | Villager (Male) |
| 26:05 | Create | Villager (Male) |
| 26:05 | Create | Villager (Male) |
| 26:05 | Create | Villager (Male) |
| 26:05 | Create | Villager (Male) |
| 26:06 | Create | Villager (Male) |
| 26:06 | Create | Villager (Male) |
| 26:11 | Research | Hand Cart |
| 26:27 | Build | Barracks |
| 26:29 | Build | Barracks |
| 26:30 | Build | Barracks |
| 26:32 | Build | Barracks |
| 26:45 | Create | Villager (Male) |
| 26:46 | Create | Villager (Male) |
| 26:46 | Create | Villager (Male) |
| 26:53 | Create | Villager (Male) |
| 26:54 | Create | Villager (Male) |
| 26:54 | Create | Villager (Male) |
| 27:35 | Research | Imperial Age |
| 27:51 | Research | Bodkin Arrow |
| 27:51 | Research | Chain Mail Armor |
| 27:53 | Research | Padded Archer Armor |
| 27:53 | Research | Forging |
| 28:02 | Research | Forging |
| 28:31 | Build | Farm |
| 28:34 | Build | Farm |
| 28:43 | Build | Farm |
| 28:57 | Create | Unit 2579 ×5 |
| 28:59 | Create | Unit 2579 ×5 |
| 29:00 | Create | Unit 2579 |
| 29:39 | Create | Villager (Male) |
| 29:39 | Create | Villager (Male) |
| 29:39 | Create | Villager (Male) |
| 29:39 | Create | Villager (Male) |
| 29:42 | Create | Villager (Male) |
| 29:42 | Create | Villager (Male) |
| 29:43 | Create | Villager (Male) |
| 29:43 | Create | Villager (Male) |
| 29:43 | Create | Villager (Male) |
| 30:04 | Build | Town Center |
| 30:37 | Build | Settlement |
| 31:01 | Age | Imperial Age |
| 31:08 | Create | Villager (Male) |
| 31:17 | Research | Two-Man Saw |
| 31:46 | Research | Bracer |
| 31:46 | Research | Leather Archer Armor |
| 31:47 | Research | Iron Casting |
Match timeline
| 9:34 | WarSong · age_up feudal |
| 10:23 | sxmyaiuttj · age_up feudal |
| 10:56 | DingleDwarf69 · age_up feudal |
| 11:26 | Balaam · age_up feudal |
| 13:08 | cvarascaica · age_up feudal |
| 13:46 | Dude · age_up feudal |
| 17:32 | sxmyaiuttj · age_up castle |
| 17:55 | Balaam · age_up castle |
| 18:25 | DingleDwarf69 · first_building Barracks |
| 18:50 | Balaam · first_building Monastery |
| 19:48 | cvarascaica · wall_segment Stone Wall x17 |
| 20:02 | WarSong · first_market_buy 100 food |
| 20:40 | cvarascaica · first_building Stable |
| 22:09 | sxmyaiuttj · first_building Monastery |
| 22:31 | DingleDwarf69 · first_building Stable |
| 23:01 | WarSong · age_up castle |
| 23:30 | Balaam · first_building Barracks |
| 23:33 | cvarascaica · age_up castle |
| 24:00 | sxmyaiuttj · first_building Barracks |
| 24:37 | Balaam · first_building Archery Range |
| 24:59 | DingleDwarf69 · age_up castle |
| 25:08 | Dude · age_up castle |
| 25:15 | sxmyaiuttj · first_building Stable |
| 25:25 | Dude · first_building Monastery |
| 25:45 | WarSong · first_building Castle |
| 25:52 | Balaam · first_building Stable |
| 25:57 | Dude · first_building Castle |
| 26:26 | sxmyaiuttj · age_up imperial |
| 26:27 | WarSong · first_building Barracks |
| 26:33 | Balaam · first_building Castle |
| 26:55 | sxmyaiuttj · first_building Castle |
| 28:21 | cvarascaica · first_building Monastery |
| 28:43 | Balaam · age_up imperial |
| 29:06 | sxmyaiuttj · first_building Archery Range |
| 30:58 | Balaam · wall_segment Stone Wall x27 |
| 31:01 | WarSong · age_up imperial |
| 31:03 | DingleDwarf69 · first_building Castle |
| 32:46 | WarSong · wall_segment Stone Wall x20 |
| 33:44 | sxmyaiuttj · first_market_sell 100 wood |
| 33:46 | sxmyaiuttj · first_market_buy 100 food |
| 35:16 | DingleDwarf69 · age_up imperial |
| 35:23 | DingleDwarf69 · first_market_buy 100 wood |
| 37:40 | Dude · age_up imperial |
| 37:52 | cvarascaica · age_up imperial |
| 38:57 | cvarascaica · first_building Castle |
| 43:23 | DingleDwarf69 · first_market_sell 100 food |
| 43:33 | cvarascaica · first_building Siege Workshop |
| 44:00 | Dude · wall_segment Stone Wall x21 |
| 50:21 | sxmyaiuttj · resign |
[ AI ANALYSIS · 1 CREDIT ]
What really happened in this match?
Wolo.gg analyzes every decision: build order, eco, micro, common mistakes by bracket. Personalized analysis on WhatsApp or Discord in 30 seconds.
Civ guide
Britons
Perfil
Jugador #3571139